 Dungeon Crawl Stone Soup version 0.30.1-11-g7821555f0a (webtiles) character file.

Game seed: 283905190898867812

1950 Cheops the Frost Mage (level 9, -8/74 HPs)
             Began as an Ogre Ice Elementalist on Oct 29, 2023.
             Was an Initiate of the Shining One.
             Killed from afar by Maggie (13 damage)
             ... with a bolt of fire
             ... on level 7 of the Dungeon.
             The game lasted 00:23:29 (8018 turns).

Cheops the Frost Mage (Ogre Ice Elementalist)       Turns: 8018, Time: 00:23:29

Health: -8/74      AC:  6    Str: 14    XL:     9   Next: 18%
Magic:  7/13       EV:  9    Int: 20    God:    the Shining One [......]
Gold:   444        SH:  0    Dex:  9    Spells: 3/14 levels left

rFire   . . .        b - +2 hand axe (flame)
rCold   . . .        z - orb {*Rage}
rNeg    + . .        v - +2 robe {rN+}
rPois   .            (helmet restricted)
rElec   .            H - +0 cloak {rCorr}
rCorr   +            (gloves unavailable)
SInv    .            (boots unavailable)
Will    .....        E - amulet of magic regeneration
Stlth   +            (no ring)
HPRegen 0.32/turn    (no ring)
MPRegen 0.53/turn

%: random rage (20%)
@: attractive, flying, mesmerised, very slightly contaminated, glowing
A: large, unfitting armour, tough skin 1, hooves 1
a: Renounce Religion


You were on level 7 of the Dungeon.
You worshipped the Shining One.
The Shining One was noncommittal.
You visited 2 branches of the dungeon, and saw 8 of its levels.

You collected 444 gold pieces.

Inventory:

Hand Weapons
 a - a +0 flail
 b - a +2 hand axe of flaming (weapon)
 c - a +0 giant club
 d - a +0 giant spiked club
 G - a +0 battleaxe
Armour
 v - a +2 robe of positive energy (worn)
 z - an orb of wrath (worn)
 H - a +0 cloak of preservation (worn)
Jewellery
 E - an amulet of magic regeneration (around neck)
Wands
 h - a wand of iceblast (3)
 t - a wand of mindburst (17)
 A - a wand of quicksilver (11)
 C - a wand of flame (5)
Scrolls
 g - 6 scrolls of teleportation
 j - a scroll of fog
 q - a scroll of enchant weapon
 s - 4 scrolls of poison
 u - a scroll of immolation
 w - a scroll of enchant armour
 x - a scroll of magic mapping
 y - a scroll of amnesia
 B - a scroll of vulnerability
Potions
 e - a potion of attraction
 f - a potion of flight
 i - 9 potions of curing {unknown}
 l - 2 potions of berserk rage {unknown}
 m - a potion of heal wounds {unknown}
 n - a potion of magic
 p - a potion of resistance {unknown}
 r - a potion of mutation
 F - 3 potions of haste


   Skills:
 + Level 6.9 Maces & Flails
 - Level 1.7 Dodging
 - Level 1.4 Stealth
 - Level 3.0 Spellcasting
 * Level 3.3 Summonings
 - Level 8.0 Ice Magic


You had 3 spell levels left.
You knew the following spells:

 Your Spells              Type           Power      Damage    Failure   Level
a - Freeze                Ice            100%       1d10      1%          1
r - Frozen Ramparts       Ice            70%        1d11      1%          3
A - Ozocubu's Armour      Ice            35%        N/A       1%          3
I - Summon Ice Beast      Ice/Summ       25%        N/A       14%         4

Your spell library contained the following spells:

 Spells                   Type           Power      Damage    Failure   Level
 Ignite Poison            Fire/Tmut/Pois 3%         N/A       38%         3
 Portal Projectile        Hex/Tloc       6%         N/A       38%         3
 Tukima's Dance           Hex            3%         N/A       38%         3
 Sticky Flame             Conj/Fire      3%         2d3       80%         4
 Alistair's Intoxication  Tmut/Pois      2%         N/A       98%         5
 Blade Hands              Tmut           1%         N/A       98%         5
 Borgnjor's Vile Clutch   Necr/Erth      1%         N/A       98%         5
 Eringya's Noxious Bog    Tmut/Pois      1%         N/A       100%        6
 Ignition                 Fire           1%         3d3       100%        8


Dungeon Overview and Level Annotations

Branches:
Dungeon (7/15)             Temple (1/1) D:4

Altars:
Ashenzari
Dithmenos
Elyvilon
Fedhas
Gozag
Hepliaklqana
Makhleb
Nemelex Xobeh
Okawaru
Ru
Sif Muna
Uskayaw
Vehumet
Wu Jian
Xom
Yredelemnul
Zin
The Shining One

Shops:
D:6 [

Annotations:
D:4 3 runed translucent doors, Laveh's ghost, amateur MiFi
D:7 Joseph; Maggie


Innate Abilities, Weirdness & Mutations

You are too large for most types of armour.
You have tough skin. (AC +1)
You have large cloven feet.


Message History

A gnoll comes into view. It is wielding a +0 club.
The gnoll shouts!
You hear a croak.
Maggie points at you and mumbles some strange words.
The bolt of fire hits you!!
* * * LOW HITPOINT WARNING * * *
Maggie casts a spell.
Maggie attempts to bespell you!
You are mesmerised by Maggie!
You cannot move away from Maggie!
As you read the scroll of fog, it crumbles to dust.
The scroll dissolves into smoke.
Maggie mumbles some strange words.
Maggie draws you further into her thrall.
Okay, then.
You cannot move away from Maggie!
Casting: Frozen Ramparts (safe; 1% risk of failure)
Confirm with . or Enter, or press ? or * to list all spells.
You miscast Summon Ice Beast.
You are very lightly contaminated with residual magic.
Nothing appears to happen.
A gnoll comes into view. It is wielding a +0 whip.
Casting: Summon Ice Beast (dangerous; 14% risk of failure)
Confirm with . or Enter, or press ? or * to list all spells.
A chill wind blows around you. Maggie gestures at you while chanting.
The bolt of fire hits you!! The Shining One protects you from harm!
It was a potion of attraction.
You feel attractive to monsters. Maggie is attracted toward you.
It was a potion of flight.
You feel very buoyant.
You fly up into the air.
The gnoll hits you with a +0 club!
* * * LOW HITPOINT WARNING * * *
Your ice beast hits the gnoll.
Your ice beast freezes the gnoll!
It was a potion of mutation.
You feel extremely strange.
Your feet thicken and deform.
Maggie gestures at you while chanting. The bolt of fire hits you!
You die...

#. ... ...
##.##.# ..#
.....##.##
#g#.§#...#
####.#...# #
.........# ..
####.#§§§# #.#
.....§§@#...#
####.§g@#...#
.....§§Y§§#...
####.§#§#§..##.
..........##
####..#......
#..#..##### #.
#..# #. ...# #
....


You could see Maggie (mesmerising, ally target), a gnoll and a friendly ice
beast (summoned).

Vanquished Creatures
  Sigmund (D:3)
  An ice beast (D:5)
  A black bear (D:6)
  3 ogres
  A centaur (D:4)
  A kobold brigand (D:6)
  2 bullfrogs
  3 scorpions
  4 wights
  5 hounds
  5 jellies
  Crazy Yiuf (D:6)
  An orc priest (D:4)
  Ijyb (D:4)
  Natasha (thrice) (D:3)
  2 iguanas
  An orc wizard (D:6)
  3 adders
  2 white imps
  3 dart slugs (D:1)
  14 orcs
  7 bats
  4 endoplasms
  4 giant cockroaches
  10 goblins
  10 hobgoblins
  6 jackals
  18 kobolds
  6 quokkas
  4 ball pythons
  3 frilled lizards
  9 rats
139 creatures vanquished.

Notes
Turn   | Place    | Note
-------+----------+-------------------------------------------
     0 | D:1      | Cheops the Ogre Ice Elementalist began the quest for the
                  | Orb.
     0 | D:1      | Reached XP level 1. HP: 16/16 MP: 3/3
   193 | D:1      | Reached XP level 2. HP: 15/24 MP: 3/6
   319 | D:1      | Reached skill level 4 in Ice Magic
   461 | D:1      | Reached XP level 3. HP: 24/31 MP: 2/7
  1200 | D:2      | Learned a level 3 spell: Frozen Ramparts
  1204 | D:2      | Learned a level 3 spell: Ozocubu's Armour
  1783 | D:2      | Reached XP level 4. HP: 36/39 MP: 6/8
  1961 | D:2      | Found a faded altar of an unknown god.
  2402 | D:3      | Noticed Natasha
  2418 | D:3      | Killed Natasha
  2419 | D:3      | Reached skill level 5 in Ice Magic
  2762 | D:3      | Found an iron altar of Okawaru.
  2930 | D:3      | Found an opulent altar of Gozag.
  2989 | D:3      | Noticed Natasha
  2995 | D:3      | Killed Natasha
  2996 | D:3      | Reached skill level 1 in Maces & Flails
  2996 | D:3      | Reached XP level 5. HP: 43/45 MP: 4/9
  3072 | D:3      | Noticed Sigmund
  3360 | D:3      | Reached XP level 6. HP: 38/53 MP: 0/10
  3578 | D:3      | Noticed Natasha
  3583 | D:3      | Killed Natasha
  3584 | D:3      | Reached skill level 6 in Ice Magic
  3637 | D:3      | Killed Sigmund
  3816 | D:4      | Reached XP level 7. HP: 59/59 MP: 6/11
  4053 | D:4      | Found a staircase to the Ecumenical Temple.
  4091 | D:4      | Noticed Ijyb
  4112 | D:4      | Killed Ijyb
  4113 | D:4      | Reached skill level 7 in Ice Magic
  4457 | D:4      | Found a white marble altar of Elyvilon.
  4596 | D:4      | Found a basalt altar of Yredelemnul.
  5000 | D:4      | Found a runed translucent gate.
  5001 | D:4      | Found a runed translucent gate.
  5001 | D:4      | Noticed Laveh's ghost (amateur MiFi)
  5002 | D:4      | Found a runed translucent gate.
  5107 | D:4      | Learned a level 4 spell: Summon Ice Beast
  5153 | D:5      | Entered Level 5 of the Dungeon
  5631 | Temple   | Entered the Ecumenical Temple
  5808 | Temple   | Became a worshipper of the Shining One
  5989 | D:5      | Reached XP level 8. HP: 57/67 MP: 6/12
  6043 | D:5      | Found an ornate altar of the Wu Jian Council.
  6405 | D:5      | Reached skill level 8 in Ice Magic
  6802 | D:6      | Reached skill level 5 in Maces & Flails
  7080 | D:6      | Found Sisynwuo's Antique Armour Boutique.
  7367 | D:6      | Reached skill level 1 in Summonings
  7601 | D:6      | Reached XP level 9. HP: 74/74 MP: 9/13
  7821 | D:6      | Found a runed translucent door.
  7822 | D:6      | Noticed Crazy Yiuf
  7850 | D:6      | Killed Crazy Yiuf
  7965 | D:7      | Noticed Joseph
  8007 | D:7      | Noticed Maggie
  8015 | D:7      | The Shining One protects you from harm!
  8018 | D:7      | Gained mutation: You have large cloven feet. [potion of
                  | mutation]
  8018 | D:7      | Killed from afar by Maggie

Illustrated notes

Levels and vault maps discovered:
D:1:      scummos_arrival_simple_fountains, layout_basic, serial_glass,
          glass_columns_a, glass_columns_a, minmay_misc_feat_iff
D:2:      layout_loops_corners, ebering_ecumenical_altar_box,
          dreamdust_mushroom_princess
D:3:      layout_loops_ring, nicolae_gozag_seed_capital, okawaru_gym_becter,
          grunt_ministairs_14, minivault_19, minmay_crystal_water,
          minmay_divided_ellipse, uniq_natasha, uniq_sigmund
D:4:      cheibrodos_pilgrimage, layout_basic, kennysheep_ying_yang,
          minmay_temple_entry_enclosed_plants, ebering_ghost_rock_garden,
          uniq_ijyb
D:5:      layout_basic, mainiacjoe_overflow_concentric_impassable,
          hangedman_decor_clover_reticule
D:6:      layout_rooms, serial_shops, shop, uniq_crazy_yiuf_cottage
D:7:      cheibrodos_statue_roulette, layout_loops_ring, lemuel_flame_loot_1,
          uniq_joseph, uniq_maggie
Temple:   nicolae_temple_bog_church

Skill      XL: |  1  2  3  4  5  6  7  8  9 |
---------------+----------------------------+-----
Spellcasting   | 3 |  3.0
Ice Magic      | 4 5 6 7 8 |  8.0
Maces & Flails | 1 2 3 6 |  6.9
Summonings     | 1 3 |  3.3
Dodging        | |  1.7
Stealth        | |  1.4

Action                     |  1- 3 |  4- 6 |  7- 9 || total
---------------------------+-------+-------+-------++-------
  Melee: Unarmed           |    10 |       |       ||    10
         Long sword        |       |     8 |       ||     8
         Trident           |       |     1 |       ||     1
         Hand axe          |       |       |    63 ||    63
         Short sword       |       |       |     5 ||     5
         Punch             |       |       |     1 ||     1
   Cast: Freeze            |    64 |    74 |    64 ||   202
         Frozen Ramparts   |       |     1 |    13 ||    14
         Ozocubu's Armour  |       |     1 |     5 ||     6
         Summon Ice Beast  |       |       |     5 ||     5
    Use: Scroll            |       |     1 |    11 ||    12
         Potion            |       |       |     3 ||     3
 Armour: Robe              |    44 |    20 |    53 ||   117
  Dodge: Dodged            |    71 |    35 |    60 ||   166
